 Dungeon Crawl Stone Soup version 0.30.1-1-g62c8e00024 (webtiles) character file.

Game seed: 14766392315173908681

537 cheesebisquit the Sneak (level 7, 0/32 HPs)
             Began as a Spriggan Enchanter on July 16, 2023.
             Slain by an orc
             ... wielding a +0 falchion
              (3 damage)
             ... on level 5 of the Dungeon.
             The game lasted 00:18:55 (4645 turns).

cheesebisquit the Sneak (Spriggan Enchanter)        Turns: 4645, Time: 00:18:56

Health: 0/32       AC:  2    Str: 12    XL:     7   Next: 5%
Magic:  1/14       EV: 22    Int: 17    God:
Gold:   131        SH:  0    Dex: 15    Spells: 12/15 levels left

rFire   . . .        h - +6 dagger (speed)
rCold   . . .        (no shield)
rNeg    . . .        b - +0 robe
rPois   .            (helmet restricted)
rElec   .            (no cloak)
rCorr   .            (gloves unavailable)
SInv    +            (boots unavailable)
Will    +....        (no amulet)
Stlth   +++          z - +5 ring of evasion
HPRegen 0.25/turn    q - +6 ring of strength
MPRegen 0.14/turn

%: no passive effects
@: very quick
A: very small, no large weapons, unfitting armour, see invisible, speed 3
a: no special abilities


You were on level 5 of the Dungeon.
You visited 1 branch of the dungeon, and saw 5 of its levels.

You collected 365 gold pieces.
You spent 234 gold pieces at shops.

Inventory:

Hand Weapons
 h - a +6 dagger of speed (weapon)
Missiles
 e - 7 poisoned darts
Armour
 b - a +0 robe (worn)
Jewellery
 a - a +4 ring of protection
 l - a ring of willpower
 n - a ring of positive energy
 q - a +6 ring of strength (right hand)
 t - a ring of fire
 u - an amulet of faith
 w - a ring of protection from fire
 y - a ring of magical power
 z - a +5 ring of evasion (left hand)
Scrolls
 f - 2 scrolls of vulnerability {unknown}
 i - 2 scrolls of magic mapping
 k - 2 scrolls of blinking
 m - a scroll of enchant armour {unknown}
 o - 3 scrolls of teleportation
 p - a scroll of amnesia
Potions
 c - 2 potions of invisibility
 d - 2 potions of heal wounds
 g - a potion of curing
 j - 2 potions of lignification
 r - a potion of haste {unknown}
 s - a potion of attraction {unknown}
 v - a potion of berserk rage {unknown}
 x - a potion of cancellation {unknown}


   Skills:
 * Level 4.8 Short Blades
 - Level 2.7 Dodging
 + Level 6.6 Stealth
 + Level 4.5 Spellcasting
 + Level 5.2 Hexes
 + Level 1.7 Ice Magic


You had 12 spell levels left.
You knew the following spells:

 Your Spells              Type           Power      Damage    Failure   Level
a - Slow                  Hex            84%        N/A       1%          1
b - Ensorcelled Hibernat  Hex/Ice        30%        N/A       5%          2

Your spell library contained the following spells:

 Spells                   Type           Power      Damage    Failure   Level
 Confusing Touch          Hex            21%        N/A       5%          3
 Tukima's Dance           Hex            21%        N/A       5%          3
 Dazzling Flash           Conj/Hex       24%        N/A       16%         3
 Vampiric Draining        Necr           3%         2d6       41%         3


Dungeon Overview and Level Annotations

Branches:
Dungeon (5/15)
 Temple: D:4-7

Altars:
Elyvilon
Hepliaklqana
Kikubaaqudgha
Yredelemnul

Shops:
D:1 ?   D:5 (=?(


Innate Abilities, Weirdness & Mutations

You are very small and have problems with some larger weapons.
You are too small for most types of armour.
You have supernaturally acute eyesight. (SInv)
You cover ground extremely quickly. (Speed+++)


Message History

Press: ? - help, Shift-Dir - straight line, f/p - orc priest
Aim: an orc priest, wielding a +0 flail (chance to affect: 49%)
The orc priest resists with some effort.
The orc completely misses you.
The orc priest calls down the wrath of Beogh upon you.
You resist with significant effort. The orc priest completely misses you.
Casting: Ensorcelled Hibernation (safe; 5% risk of failure)
Confirm with . or Enter, or press ? or * to list all spells.
Aiming: Ensorcelled Hibernation (safe; 5% risk of failure)
Press: ? - help, Shift-Dir - straight line, f/p - orc priest
Aim: an orc priest, wielding a +0 flail (chance to affect: 49%)
The orc priest resists with some effort.
The orc closely misses you.
The orc priest mumbles some strange prayers to Beogh against you.
You resist with significant effort.
The orc priest mumbles some strange prayers to Beogh against you.
Beogh smites you!
Casting: Ensorcelled Hibernation (safe; 5% risk of failure)
Confirm with . or Enter, or press ? or * to list all spells.
Aiming: Ensorcelled Hibernation (safe; 5% risk of failure)
Press: ? - help, Shift-Dir - straight line, f/p - orc priest
Aim: an orc priest, wielding a +0 flail (chance to affect: 49%)
The orc priest resists with some effort.
The orc completely misses you. The orc priest closely misses you.
The orc priest mumbles some strange prayers to Beogh against you.
Beogh smites you!
* * * LOW HITPOINT WARNING * * *
Casting: Ensorcelled Hibernation (safe; 5% risk of failure)
Confirm with . or Enter, or press ? or * to list all spells.
Aiming: Ensorcelled Hibernation (safe; 5% risk of failure)
Press: ? - help, Shift-Dir - straight line, f/p - orc priest
Aim: an orc priest, wielding a +0 flail (chance to affect: 49%)
The orc priest looks drowsy...
The orc completely misses you.
The orc priest hits you with a +0 dagger.
* * * LOW HITPOINT WARNING * * *
The helpless orc priest fails to defend itself.
You skewer the orc priest like a kebab!!!
You kill the orc priest!
The orc hits you with a +0 falchion.
You die...

. #....z.................... ..
+..........z..............
...####)........................
.(.........###+########......##'
...........#..........#......#..
..#.#......#...$......#......+..
+..∩..†....#..........#......##.
..#.#......#...)o.....#.......##
. +........+...@o.....#.......#.
#........#..######..#.∩.....#.
#.......##..##.## #.......#.
#.......+...+...+ #.....###.
#.......#...#...# .#.....#...
#.....8.<.∩.8...# ..#.....#...
...###...#...##..#.....#... .
#.............#.....#...
+.............#.....#...


You could see an orc priest and an orc.

Vanquished Creatures
  Grinder (D:4)
  A wight (D:5)
  A jelly (D:5)
  An orc priest (D:5)
  2 iguanas
  An orc wizard (D:5)
  3 gnolls (D:4)
  6 adders
  A white imp (D:4)
  A worm (D:4)
  A dart slug (D:3)
  5 orcs
  4 ball pythons
  5 bats
  5 endoplasms
  6 giant cockroaches
  3 goblins
  4 hobgoblins
  4 jackals (D:4)
  7 quokkas
  3 frilled lizards
  10 kobolds
  22 rats
97 creatures vanquished.

Notes
Turn   | Place    | Note
-------+----------+-------------------------------------------
     0 | D:1      | cheesebisquit the Spriggan Enchanter began the quest for
                  | the Orb.
     0 | D:1      | Reached XP level 1. HP: 9/9 MP: 5/5
   217 | D:1      | Found Lemener's Magic Scroll Boutique.
   224 | D:1      | Reached XP level 2. HP: 13/13 MP: 6/6
   360 | D:1      | Bought a scroll of identify for 28 gold pieces
   506 | D:1      | Learned a level 1 spell: Slow
   519 | D:1      | Learned a level 2 spell: Ensorcelled Hibernation
   936 | D:1      | Bought a scroll of identify for 28 gold pieces
  1078 | D:1      | Bought a scroll of identify for 28 gold pieces
  1278 | D:2      | Reached XP level 3. HP: 8/16 MP: 8/8
  1724 | D:3      | Reached skill level 5 in Stealth
  1797 | D:3      | Found a white marble altar of Elyvilon.
  2003 | D:3      | Found a glowing drain.
  2008 | D:3      | Reached XP level 4. HP: 21/21 MP: 10/10
  2409 | D:1      | Bought a scroll of enchant weapon for 105 gold pieces
  2505 | D:3      | Found a basalt altar of Yredelemnul.
  2956 | D:3      | Reached XP level 5. HP: 18/24 MP: 0/11
  3213 | D:4      | Noticed Grinder
  3245 | D:4      | Killed Grinder
  3246 | D:4      | Reached skill level 6 in Stealth
  3246 | D:4      | Reached skill level 1 in Ice Magic
  3246 | D:4      | Reached XP level 6. HP: 13/28 MP: 9/13
  3328 | D:4      | Reached skill level 5 in Hexes
  3364 | D:4      | Found an ancient bone altar of Kikubaaqudgha.
  4183 | D:5      | Entered Level 5 of the Dungeon
  4194 | D:5      | Found a hazy altar of Hepliaklqana.
  4262 | D:5      | Found Ygoim Kao's Magic Scroll Shop.
  4270 | D:5      | Bought a scroll of identify for 30 gold pieces
  4270 | D:5      | Bought a scroll of noise for 15 gold pieces
  4344 | D:5      | Found Norusacon's Weapon Shop.
  4536 | D:5      | Found Ereskiv's Weapon Shop.
  4617 | D:5      | Found Zoami's Jewellery Shop.
  4637 | D:5      | Reached XP level 7. HP: 32/32 MP: 14/14
  4645 | D:5      | Slain by an orc

Illustrated notes

Levels and vault maps discovered:
D:1:      roderic_dead_forest, layout_basic, serial_shops, shop
D:2:      layout_loops_cross
D:3:      layout_loops_cross, mainiacjoe_overflow_surrounded_room,
          elyvilon_altar_5, gup_sewer_entry_glass,
          corexii_item_surrounded_by_moat, minmay_rat_hole
D:4:      layout_basic, kennysheep_mini_moat, chequers_serial_rivers_small_a,
          uniq_grinder
D:5:      layout_gridville, nicolae_hepliaklqana_hazy_memory,
          overflow_temple_1_default, serial_shops, shop, nicolae_shop_crystal,
          shop, shop_statue, minmay_misc_feat_room, minivault_4

Skill      XL: |  1  2  3  4  5  6 |
---------------+-------------------+-----
Spellcasting   | 3 4 |  4.5
Short Blades   | 2 3 4 |  4.8
Hexes          | 4 5 |  5.2
Stealth        | 5 6 |  6.6
Ice Magic      | 1 |  1.7
Dodging        | |  2.7

Action                     |  1- 3 |  4- 6 |  7- 9 || total
---------------------------+-------+-------+-------++-------
  Melee: Dagger            |    74 |   134 |     2 ||   210
  Throw: Dart              |    26 |       |       ||    26
   Cast: Ensorcelled Hiber |     4 |    41 |     7 ||    52
         Slow              |       |     9 |       ||     9
    Use: Scroll            |     3 |     9 |       ||    12
   Stab: Sleeping          |    17 |    32 |     2 ||    51
 Armour: Robe              |     5 |    14 |       ||    19
  Dodge: Dodged            |    29 |    66 |     9 ||   104
